 Dungeon Crawl Stone Soup version 0.18-a0-1745-gffa9a88 (webtiles) character file.

53 dobroeutro the Skirmisher (level 3, -1/24 HPs)
             Began as a Gargoyle Fighter on Apr 11, 2016.
             Slain by Sigmund
             ... wielding a +0 scythe
              (2 damage)
             ... on level 2 of the Dungeon.
             The game lasted 00:02:57 (870 turns).

dobroeutro the Skirmisher (Gargoyle Fighter)         Turns: 870, Time: 00:02:58

Health: -1/24      AC: 11    Str: 20    XL:     3   Next: 89%
Magic:  3/3        EV:  7    Int:  8    God:
Gold:   105        SH:  0    Dex:  9    Spells: 0 memorised, 2 levels left

rFire  . . .     SeeInvis .     e - +2 short sword (elec)
rCold  . . .     Gourm    .     b - +0 scale mail
rNeg   + . .     Faith    .     c - +1 shield
rPois  ∞         Spirit   .     (no helmet)
rElec  +         Dismiss  .     g - +0 cloak
rCorr  .         Reflect  .     (no gloves)
SustAt .         Harm     .     (no boots)
MR     .....                    k - amulet of inaccuracy (curse)
Stlth  ..........               (no ring)
                                (no ring)

@: confused, not resistant to hostile enchantments, extremely unstealthy
A: negative energy resistance 1, electricity resistance, unbreathing,
petrification resistance, rot immunity, AC +3
a: no special abilities


You were on level 2 of the Dungeon.
You were not hungry.

You visited 1 branch of the dungeon, and saw 2 of its levels.

You collected 105 gold pieces.

Inventory:

Hand Weapons
 a - a +0 flail
 e - a +2 short sword of electrocution (weapon)
Armour
 b - a +0 scale mail (worn)
 c - a +1 shield (worn)
 g - a +0 cloak (worn)
Jewellery
 k - a cursed amulet of inaccuracy (around neck)
Scrolls
 o - a scroll of fear
Potions
 d - a potion of might
 j - a potion of haste
 l - a potion of invisibility {unknown}
 m - 3 potions of degeneration {unknown}
 n - a potion of heal wounds {unknown}
Comestibles
 f - 2 bread rations
 h - 5 chunks of flesh
 i - 2 meat rations


   Skills:
 + Level 4.0 Fighting
 + Level 2.1 Maces & Flails
 + Level 3.9 Armour
 + Level 4.0 Shields


You had 2 spell levels left.
You didn't know any spells.

Dungeon Overview and Level Annotations

Branches:
Dungeon (2/15)

Altars:

Annotations:
D:2 Sigmund


Innate Abilities, Weirdness & Mutations

You are resistant to torment.
Your stone body is resilient (AC +3).
You are immune to poison.
You resist negative energy.
You are resistant to electric shocks.
You can survive without breathing.
You are immune to petrification.
You are immune to rotting.


Message History

* * * LOW HITPOINT WARNING * * *
You miss something. Something hits you but does no damage.
You miss something.
You feel less confused. Something hits you.
* * * LOW HITPOINT WARNING * * *
You completely miss something. You hit something. You block something's attack.
You barely miss something. Something hits you.
* * * LOW HITPOINT WARNING * * *
You miss something.
You hear some strange, mumbled words.
You are confused.
You hear some strange, mumbled words.
A puff of flame appears from out of thin air!
The puff of flame hits you!
You hear some strange, mumbled words.
You are more confused.
You miss something. Something hits you.
You die...

####### #.....#
####.###.#
###....#...####
#>.............
##+###..)...((......
#...#..#.#+##.......
#...#...†......#####
#..@#..........#
#..{#..........#
#...#...........
#...#..........##
#...#...........
#$..#...........
#...#.########..
#...#.# #. #...#.#


There were no monsters in sight!

Vanquished Creatures
  An adder (D:2)
  An ooze (D:1)
  2 giant geckos
  6 goblins (D:1)
  5 hobgoblins
  5 jackals (D:2)
  6 kobolds
  3 bats (D:1)
  2 giant newts (D:1)
  4 rats
35 creatures vanquished.

Notes
Turn   | Place    | Note
--------------------------------------------------------------
     0 | D:1      | dobroeutro the Gargoyle Fighter began the quest for the Orb.
     0 | D:1      | Reached XP level 1. HP: 14/14 MP: 1/1
   126 | D:1      | Reached XP level 2. HP: 16/19 MP: 2/2
   435 | D:1      | Reached XP level 3. HP: 23/23 MP: 3/3
   849 | D:2      | Noticed Sigmund
   866 | D:2      | HP: 1/24 [something (2)]
   870 | D:2      | Slain by Sigmund

Vault maps used:
D:1:      scummos_arrival_forest
D:2:      lemuel_blue_sif_altar, uniq_sigmund

Skill      XL: |  1  2  3 |
---------------+----------+-----
Fighting       | 4 |  4.0
Shields        | 4 |  4.0
Maces & Flails | |  2.1
Armour         | |  3.9

Action                   || total
-------------------------++-------
Melee: Short sword       ||   158
  Use: Scroll            ||     4
